 Dungeon Crawl Stone Soup version 0.31-a0-1001-g770356a28f (webtiles) character file.

Game seed: 16017906962480141531

2334 BinkBink the Fighter (level 9, -1/73 (81) HPs)
             Began as a Minotaur Monk on Nov 8, 2023.
             Was a Believer of Qazlal.
             Slain by a wight
             ... wielding a +4 halberd
              (16 damage)
             ... on level 7 of the Dungeon.
             The game lasted 00:06:19 (5723 turns).

BinkBink the Fighter (Minotaur Monk)                Turns: 5723, Time: 00:06:20

HP:   -1/73 (81)    AC: 17    Str: 17    XL:     9   Next: 19%
MP:   8/8           EV:  8    Int:  7    God:    Qazlal [**....]
Gold: 457           SH:  3    Dex: 16    Spells: 8/8 levels left

rFire   + . .        c - +2 whip (flame)
rCold   . . .        d - orb {light}
rNeg    . . .        s - +0 plate armour
rPois   .            (helmet restricted)
rElec   .            (no cloak)
rCorr   .            (no gloves)
SInv    .            (no boots)
Will    .....        (no amulet) Stlth
                     o - ring of protection from fire
HPRegen 0.32/turn    D - +4 ring of protection
MPRegen 0.11/turn

%: no passive effects
@: hasted, glowing, drained, very quick
A: horns 2, retaliatory headbutt
a: Renounce Religion, Upheaval


You were on level 7 of the Dungeon.
You worshipped Qazlal.
Qazlal was pleased with you.
You visited 1 branch of the dungeon, and saw 7 of its levels.

You collected 457 gold pieces.

Inventory:

Hand Weapons
 c - a +2 whip of flaming (weapon)
Armour
 d - an orb of light (worn)
 s - a +0 plate armour (worn)
 B - a +0 troll leather armour
Jewellery
 h - a ring of magical power
 o - a ring of protection from fire (left hand)
 A - a ring of positive energy
 D - a +4 ring of protection (right hand)
Wands
 x - a wand of charming (6)
 y - a wand of flame (1)
 z - a wand of polymorph (14)
Scrolls
 b - 2 scrolls of poison {unknown}
 f - 2 scrolls of torment {unknown}
 g - 2 scrolls of vulnerability {unknown}
 l - a scroll of fog {unknown}
 m - 2 scrolls of amnesia {unknown}
 n - 4 scrolls of teleportation {unknown}
 q - 10 scrolls of identify {unknown}
 r - a scroll of revelation {unknown}
 t - 2 scrolls of immolation {unknown}
 u - a scroll of fear {unknown}
 v - a scroll of silence {unknown}
 w - a scroll of enchant armour {unknown}
Potions
 a - a potion of brilliance {unknown}
 e - a potion of magic
 i - a potion of degeneration {unknown}
 j - a potion of lignification
 k - 2 potions of curing
 p - a potion of mutation {unknown}
 C - a potion of haste


   Skills:
 + Level 8.2 Fighting
 + Level 6.2(7.1) Axes
 - Level 4.8(6.3) Maces & Flails
 - Level 1.1(4.0) Polearms
 + Level 7.2 Armour
 + Level 7.5 Dodging


You had 8 spell levels left.
You didn't know any spells.
Your spell library contained the following spells:

 Spells                   Type           Power      Damage    Failure   Level
 Apportation              Tloc           0%         N/A       100%        1
 Foxfire                  Conj/Fire      0%         2x1d4     100%        1
 Cigotuvi's Dreadful Rot  Necr/Pois/Air  0%         N/A       100%        2
 Jinxbite                 Hex            0%         N/A       100%        2
 Static Discharge         Conj/Air       0%         3-3/arc   100%        2
 Sublimation of Blood     Necr           0%         N/A       100%        2
 Wereblood                Tmut           0%         N/A       100%        2
 Airstrike                Air            0%         2d(0-16)  100%        4
 Dispel Undead            Necr           0%         3d6       100%        4
 Summon Lightning Spire   Summ/Air       0%         N/A       100%        4
 Alistair's Intoxication  Tmut/Pois      0%         N/A       100%        5
 Death Channel            Necr           0%         N/A       100%        6
 Plasma Beam              Fire/Air       0%         2x1d10    100%        6
 Starburst                Conj/Fire      0%         6d3       100%        6
 Summon Hydra             Summ           0%         N/A       100%        7


Dungeon Overview and Level Annotations

Branches:
Dungeon (7/15)
 Temple: D:4-7

Altars:
Ashenzari
Dithmenos
Makhleb
Qazlal
Vehumet
The Shining One

Shops:
D:4 [


Innate Abilities, Weirdness & Mutations

You have a pair of horns on your head.
You reflexively headbutt those who attack you in melee.


Message History

You barely miss the wight.
You headbutt the wight, but do no damage.
The wight is almost destroyed.
You barely miss the wight.
You headbutt the wight, but do no damage.
The wight hits you from afar with a +4 halberd.
You hit the wight but do no damage.
You headbutt the wight, but do no damage.
The wight hits you but does no damage.
The wight hits you from afar with a +4 halberd.
You feel drained.
You hit the wight. You burn the wight.
The wight is moderately damaged.
You hit the wight. You burn the wight.
The wight is moderately damaged.
The wight hits you from afar with a +4 halberd!
You hit the wight. You burn the wight.
The wight is severely damaged.
The wight closely misses you. The wight barely misses you.
You hit the wight but do no damage. You headbutt the wight.
The wight is almost destroyed.
The wight hits you from afar with a +4 halberd!
You feel drained.
You hit the wight but do no damage. You headbutt the wight.
You destroy the wight!
Qazlal accepts your kill.
The wight hits you from afar with a +4 halberd!
* * * LOW HITPOINT WARNING * * *
You feel drained. The wight attacks as it pursues you!
The wight closely misses you. The wight attacks as it pursues you!
The wight hits you but does no damage.
It was a potion of magic.
Magic courses through your body.
The wight hits you from afar with a +4 halberd.
* * * LOW HITPOINT WARNING * * *
You feel drained.
* * * LOW HITPOINT WARNING * * *
It was a potion of haste.
You feel yourself speed up.
A water moccasin comes into view.
The wight hits you from afar with a +4 halberd!
You die...

# ## #.###### ...###S ...#...
##.....######## . #..#..
........@..#...### ... #....
..#########z#§#...####....
#.#.####..## #####§§§##..zz.....
#.#........####..#.#§#§#..z......
#.................§._..§.####....
..........#......#.#§#.### ...
.#.#..............#.§.## ..
.#.##....#.........#.#.. .
#..##.####............###


You could see a water moccasin and a wight.

Vanquished Creatures
  Pikel (D:4)
  A troll (D:6)
  Sigmund (D:2)
  A steam dragon (D:5)
  An ice beast (D:4)
  2 sky beasts
  An ogre (D:5)
  A lemure (D:4)
  A phantom (D:5)
  A bullfrog (D:4)
  A scorpion (D:5)
  A wight (D:7)
  3 howler monkeys
  A crimson imp (D:4)
  3 jellies
  2 orc priests (D:3)
  3 hounds
  2 iguanas
  2 sleepcaps
  Natasha (thrice) (D:4)
  An orc wizard (D:4)
  8 adders
  A shadow imp (D:5)
  2 white imps (D:6)
  2 ufetubi (D:7)
  2 dart slugs
  14 orcs
  7 bats
  5 endoplasms
  3 giant cockroaches
  6 goblins
  8 hobgoblins
  4 jackals
  6 quokkas
  5 ball pythons
  2 frilled lizards
  5 kobolds
  3 rats
116 creatures vanquished.

Notes
Turn   | Place    | Note
-------+----------+-------------------------------------------
     0 | D:1      | BinkBink the Minotaur Monk began the quest for the Orb.
     0 | D:1      | Reached XP level 1. HP: 19/19 MP: 0/0
    99 | D:1      | Reached skill level 1 in Armour
    99 | D:1      | Reached XP level 2. HP: 20/27 MP: 1/1
   322 | D:1      | Reached skill level 4 in Fighting
   408 | D:1      | Reached XP level 3. HP: 32/33 MP: 2/2
   706 | D:2      | Noticed Sigmund
   716 | D:2      | Killed Sigmund
   717 | D:2      | Reached XP level 4. HP: 17/41 MP: 3/3
   717 | D:2      | Reached XP level 5. HP: 19/47 MP: 4/4
   968 | D:2      | Reached skill level 5 in Fighting
  1553 | D:3      | Found a faded altar of an unknown god.
  1648 | D:3      | Reached skill level 1 in Polearms
  1648 | D:3      | Reached XP level 6. HP: 45/56 MP: 5/5
  2505 | D:4      | Reached skill level 1 in Axes
  2505 | D:4      | Reached skill level 5 in Dodging
  2524 | D:4      | Noticed Natasha
  2536 | D:4      | Killed Natasha
  2549 | D:4      | Noticed Natasha
  2618 | D:4      | Killed Natasha
  2677 | D:4      | Noticed Pikel
  2724 | D:4      | Killed Pikel
  2725 | D:4      | Reached skill level 6 in Fighting
  2725 | D:4      | Reached skill level 5 in Armour
  2725 | D:4      | Reached XP level 7. HP: 27/64 MP: 6/6
  2925 | D:4      | Noticed Natasha
  2933 | D:4      | Killed Natasha
  3070 | D:4      | Reached XP level 8. HP: 71/71 MP: 7/7
  3205 | D:4      | Found a radiant altar of Vehumet.
  3205 | D:4      | Found a burning altar of Makhleb.
  3274 | D:4      | Found Eptarid's Antique Armour Boutique.
  3355 | D:5      | Entered Level 5 of the Dungeon
  3665 | D:5      | Reached skill level 7 in Fighting
  3848 | D:5      | Found a glowing golden altar of the Shining One.
  4177 | D:5      | Found a stormy altar of Qazlal.
  4185 | D:5      | Became a worshipper of Qazlal Stormbringer
  4185 | D:5      | Reached * piety under Qazlal
  4185 | D:5      | Reached ** piety under Qazlal
  4298 | D:5      | Reached skill level 5 in Axes
  4504 | D:6      | Noticed a troll
  4516 | D:6      | Killed a troll
  4974 | D:6      | Reached XP level 9. HP: 81/81 MP: 8/8
  5518 | D:7      | Reached skill level 8 in Fighting
  5575 | D:7      | Found a broken altar of Ashenzari.
  5685 | D:7      | Found a shadowy altar of Dithmenos.
  5723 | D:7      | Slain by a wight

Illustrated notes

Levels and vault maps discovered:
D:1:      grunt_arrival_crossed_arrows, layout_rooms, minmay_misc_feat_cross,
          nicolae_kite_square_tiling_tiny
D:2:      layout_basic, uniq_sigmund
D:3:      layout_loops_corners, basic_ecumenical_altar,
          kennysheep_cross_bottleneck
D:4:      layout_cave_pools, grunt_temple_overflow_lords_of_destruction,
          serial_shops, nicolae_shop_back_alley_shop, uniq_pikel, uniq_natasha
D:5:      layout_loops_ring, amcnicky_altar_gilded,
          nicolae_overflow_crystal_walls
D:6:      layout_loops_corners
D:7:      layout_rooms, ashenzari_altar_1, grunt_dithmenos_smoke_and_mirrors,
          minmay_temple_entry_junction

Skill      XL: |  1  2  3  4  5  6  7  8  9 |
---------------+----------------------------+-----
Armour         | 1 3 5 6 7 |  7.2
Fighting       | 4 5 6 7 8 |  8.2
Maces & Flails | 4 |  4.8
Dodging        | 4 5 6 7 |  7.5
Polearms       | 1 |  1.1
Axes           | 3 5 6 |  6.2

Action                     |  1- 3 |  4- 6 |  7- 9 || total
---------------------------+-------+-------+-------++-------
  Melee: Mace              |    70 |   121 |       ||   191
         Headbutt          |    10 |    27 |    53 ||    90
         Whip              |       |       |   179 ||   179
    Use: Potion            |       |     3 |     2 ||     5
 Armour: Robe              |    26 |       |       ||    26
         Chain mail        |     8 |     9 |       ||    17
         Plate armour      |       |   106 |   126 ||   232
         Skin              |       |    19 |       ||    19
  Dodge: Dodged            |    48 |    34 |    37 ||   119
  Block: Orb               |       |       |     9 ||     9

Table legend: (Time is in decaauts)
 A = Elapsed time spent in this place.
 B = Non-inter-level travel time spent in this place.
 C = Inter-level travel time spent in this place.
 D = Time resting spent in this place.
 E = Time spent auto-exploring this place.
 F = Levels seen in this place.
 G = Mean time per level.
                   A        B        C        D        E       F      G
               +--------+--------+--------+--------+--------+-----+--------+
         Total |   5727 |   5603 |    124 |    238 |   4534 |   7 |  818.1 |
       Dungeon |   5727 |   5603 |    124 |    238 |   4534 |   7 |  818.1 |
               +--------+--------+--------+--------+--------+-----+--------+

Top non-repeatable levels by time:
     D:3: 1063 daAuts
     D:4: 1035 daAuts
     D:6: 1015 daAuts
     D:5: 965 daAuts
     D:2: 793 daAuts
     D:1: 652 daAuts
     D:7: 201 daAuts
